TOP OF THE 1ST |
Detroit Dirty Snow batting - Pitching for Scottsdale Scorpions : RHP Sloan Numbers
|
Pitching: RHP Sloan Numbers
|
|
Batting: SHB Theron Harper
|
0-0: Ball 1-0: Called Strike 1-1: Ball 2-1: Foul Ball, location: 2F 2-2: Foul Ball, location: 2F 2-2: Fly out, F7 (Flyball, 78M)
|
Batting: RHB Cristo Souza
|
0-0: Called Strike 0-1: Swinging Strike 0-2: Ball 1-2: Ball 2-2: Foul Ball, location: 2F 2-2: Ground out 4-3 (Groundball, 34D)
|
Batting: LHB Eric Powell
|
0-0: Ball 1-0: Ball 2-0: Ball 3-0: Called Strike 3-1: Base on Balls
|
Batting: RHB Brian Maundrell
|
0-0: SINGLE (Line Drive, 56D) Eric Powell to second Runner from 2nd tries for 3rd, SAFE, throw made to third
|
Batting: RHB Don Hooper
|
0-0: Ball 1-0: Ball 2-0: Called Strike 2-1: Called Strike 2-2: Foul Ball, location: 2F 2-2: Ball 3-2: Base on Balls Brian Maundrell to second
|
Batting: SHB Alan Garland
|
0-0: Ball 1-0: Swinging Strike 1-1: Ground out 5-3 (Groundball, 5S)
|
Top of the 1st over - 0 run(s), 1 hit(s), 0 error(s), 3 left on base; Detroit 0 - Scottsdale 0 |
BOTTOM OF THE 1ST |
Scottsdale Scorpions batting - Pitching for Detroit Dirty Snow : RHP Leonard Christensen
|
Pitching: RHP Leonard Christensen
|
|
Batting: RHB Luis Ibarra
|
0-0: Called Strike 0-1: Reached on Error, E8 (Flyball, 8RS)
|
Batting: SHB Douglas Taylor
|
0-0: Called Strike 0-1: Foul Ball, location: 2F 0-2: Ball 1-2: Grounds into double play, 6-4-3 (Groundball, 6M)
|
Batting: RHB Edgardo Gonzáles
|
0-0: Ball 1-0: Ball 2-0: Ground out 6-3 (Groundball, 6S)
|
Bottom of the 1st over - 0 run(s), 0 hit(s), 1 error(s), 0 left on base; Detroit 0 - Scottsdale 0 |
TOP OF THE 2ND |
Detroit Dirty Snow batting - Pitching for Scottsdale Scorpions : RHP Sloan Numbers
|
Batting: RHB Júlio Sánchez
|
0-0: SINGLE (Line Drive, 89M)
|
Batting: RHB José Velásquez
|
0-0: Fly out, F5 (Line Drive, 56)
|
Batting: RHB Charlie O'Farrell
|
0-0: Ball 1-0: Called Strike 1-1: Ball 2-1: Grounds into double play, 6-4-3 (Groundball, 6)
|
Top of the 2nd over - 0 run(s), 1 hit(s), 0 error(s), 0 left on base; Detroit 0 - Scottsdale 0 |
BOTTOM OF THE 2ND |
Scottsdale Scorpions batting - Pitching for Detroit Dirty Snow : RHP Leonard Christensen
|
Batting: RHB Javier Rentería
|
0-0: Foul Ball, location: 2F 0-1: Ball 1-1: SOLO HOME RUN (Flyball, 8LXD), Distance : 409 ft
|
Batting: LHB Claudio Rodríguez
|
0-0: Called Strike 0-1: Ball 1-1: Ball 2-1: Ball 3-1: Foul Ball, location: 2F 3-2: Foul Ball, location: 2F 3-2: Base on Balls
|
Batting: RHB Gary Thomas
|
0-0: Ball 1-0: Foul Ball, location: 2F 1-1: Called Strike 1-2: Foul Ball, location: 2F 1-2: Ball 2-2: Ball 3-2: Base on Balls Claudio Rodríguez to second
|
Batting: RHB David Suarze
|
0-0: Called Strike 0-1: Swinging Strike 0-2: Foul Ball, location: 2F 0-2: Ball 1-2: Ball 2-2: Strikes out swinging
|
Batting: SHB William Daly
|
0-0: Ball 1-0: Ball 2-0: Foul Ball, location: 2F 2-1: Foul Ball, location: 2F 2-2: Strikes out looking
|
Batting: SHB Carlos Reyes
|
0-0: Called Strike 0-1: Foul Ball, location: 2F 0-2: Foul Ball, location: 2F 0-2: Ball 1-2: Ball 2-2: Strikes out swinging
|
Bottom of the 2nd over - 1 run(s), 1 hit(s), 0 error(s), 2 left on base; Detroit 0 - Scottsdale 1 |
TOP OF THE 3RD |
Detroit Dirty Snow batting - Pitching for Scottsdale Scorpions : RHP Sloan Numbers
|
Batting: SHB Theron Harper
|
0-0: Called Strike 0-1: Ball 1-1: Foul Ball, location: 2F 1-2: Fly out, F7 (Flyball, 7LM)
|
Batting: RHB Cristo Souza
|
0-0: Ball 1-0: Foul Ball, location: 2F 1-1: Ball 2-1: Ground out 5-3 (Groundball, 56S)
|
Batting: LHB Eric Powell
|
0-0: Ball 1-0: Foul Ball, location: 2F 1-1: Ball 2-1: Foul Ball, location: 2F 2-2: Foul Ball, location: 2F 2-2: Foul Ball, location: 2F 2-2: Foul Ball, location: 2F 2-2: SINGLE (Groundball, 34)
|
Batting: RHB Brian Maundrell
|
0-0: Ball 1-0: Foul Ball, location: 2F 1-1: Called Strike 1-2: Strikes out swinging
|
Top of the 3rd over - 0 run(s), 1 hit(s), 0 error(s), 1 left on base; Detroit 0 - Scottsdale 1 |
BOTTOM OF THE 3RD |
Scottsdale Scorpions batting - Pitching for Detroit Dirty Snow : RHP Leonard Christensen
|
Batting: RHB Luis Ibarra
|
0-0: SINGLE (Groundball, 6M)
|
Batting: SHB Douglas Taylor
|
0-0: Called Strike 0-1: Called Strike 0-2: Foul Ball, location: 2F 0-2: Ball 1-2: Ball 2-2: Ball 3-2: Base on Balls Luis Ibarra to second
|
Batting: RHB Edgardo Gonzáles
|
0-0: SINGLE (Flyball, 89S) Luis Ibarra to third Douglas Taylor to second Runner from 3rd tries for Home, SAFE, no throw or cutoff
|
Batting: RHB Javier Rentería
|
0-0: Fly out, F8 (Flyball, 8RS)
|
Batting: LHB Claudio Rodríguez
|
0-0: Grounds into double play, 4-6-3 (Groundball, 4)
|
Bottom of the 3rd over - 1 run(s), 2 hit(s), 0 error(s), 1 left on base; Detroit 0 - Scottsdale 2 |
TOP OF THE 4TH |
Detroit Dirty Snow batting - Pitching for Scottsdale Scorpions : RHP Sloan Numbers
|
Batting: RHB Don Hooper
|
0-0: Ball 1-0: Ball 2-0: Foul Ball, location: 2F 2-1: Ball 3-1: Reached on error, E5 (Groundball, 5)
|
Batting: SHB Alan Garland
|
0-0: Called Strike 0-1: Foul Ball, location: 2F 0-2: Ball 1-2: Fly out, F7 (Popup, 78S)
|
Batting: RHB Júlio Sánchez
|
0-0: 2-RUN HOME RUN (Flyball, 78XD), Distance : 373 ft
|
Batting: RHB José Velásquez
|
0-0: Foul Ball, location: 2F 0-1: Ball 1-1: Foul Ball, location: 2F 1-2: Foul Ball, location: 2F 1-2: SINGLE (Line Drive, 8LS)
|
Batting: RHB Charlie O'Farrell
|
0-0: Swinging Strike 0-1: Swinging Strike 0-2: Ball 1-2: Ball 2-2: Foul Ball, location: 2F 2-2: Strikes out swinging
|
Batting: SHB Theron Harper
|
0-0: Ball 1-0: Swinging Strike 1-1: Ball 2-1: Ball 3-1: Foul Ball, location: 2F 3-2: Foul Ball, location: 2F 3-2: Foul Ball, location: 2F 3-2: SINGLE (Groundball, 6S) (infield hit) José Velásquez to second
|
Batting: RHB Cristo Souza
|
0-0: Ball 1-0: Swinging Strike 1-1: Swinging Strike 1-2: Strikes out swinging
|
Top of the 4th over - 2 run(s), 3 hit(s), 1 error(s), 2 left on base; Detroit 2 - Scottsdale 2 |
BOTTOM OF THE 4TH |
Scottsdale Scorpions batting - Pitching for Detroit Dirty Snow : RHP Leonard Christensen
|
Batting: RHB Gary Thomas
|
0-0: Ball 1-0: Ball 2-0: Ball 3-0: Base on Balls
|
Batting: RHB David Suarze
|
0-0: Ball 1-0: Foul Ball, location: 2F 1-1: Foul Ball, location: 2F 1-2: Ball 2-2: Ball 3-2: Foul Ball, location: 2F 3-2: Base on Balls Gary Thomas to second
|
Batting: SHB William Daly
|
0-0: Ball 1-0: Ball 2-0: Foul Ball, location: 2F 2-1: Called Strike 2-2: Fielders Choice at 2nd, 5-4 (Groundball, 56) Gary Thomas to third
|
Batting: SHB Carlos Reyes
|
0-0: Ball William Daly is caught stealing 2nd base 1-0: SINGLE (Line Drive, 9S) Gary Thomas scores
|
Batting: RHB Luis Ibarra
|
0-0: Ground out 1-3 (Groundball, 13S)
|
Bottom of the 4th over - 1 run(s), 1 hit(s), 0 error(s), 1 left on base; Detroit 2 - Scottsdale 3 |
TOP OF THE 5TH |
Detroit Dirty Snow batting - Pitching for Scottsdale Scorpions : RHP Sloan Numbers
|
Pitching: LHP Martin Balsano
|
|
Batting: LHB Eric Powell
|
0-0: Ball 1-0: Called Strike 1-1: Swinging Strike 1-2: SINGLE (Line Drive, 34D)
|
Batting: RHB Brian Maundrell
|
0-0: Ball 1-0: Ball Eric Powell steals 2nd base 2-0: Ground out 5-3 (Groundball, 5)
|
Batting: RHB Don Hooper
|
0-0: Ball 1-0: Ball Eric Powell steals 3rd base 2-0: Called Strike 2-1: Ball 3-1: Base on Balls
|
Batting: SHB Alan Garland
|
0-0: Ball 1-0: Called Strike 1-1: Fly out, F8 (Flyball, 8LD) Runner from 3rd tags up, SCORES, no throw
|
Batting: RHB Júlio Sánchez
|
0-0: Ball Don Hooper is caught stealing 2nd base
|
Top of the 5th over - 1 run(s), 1 hit(s), 0 error(s), 0 left on base; Detroit 3 - Scottsdale 3 |
BOTTOM OF THE 5TH |
Scottsdale Scorpions batting - Pitching for Detroit Dirty Snow : RHP Leonard Christensen
|
Batting: SHB Douglas Taylor
|
0-0: SINGLE (Line Drive, 4MD)
|
Batting: RHB Edgardo Gonzáles
|
0-0: Ground out 5-3 (Groundball, 5S) Douglas Taylor to second
|
Batting: RHB Javier Rentería
|
0-0: Ball Douglas Taylor steals 3rd base 1-0: SINGLE (Groundball, 23) (infield hit)
|
Batting: LHB Claudio Rodríguez
|
0-0: Foul Ball, location: 2F 0-1: Ball 1-1: Foul Ball, location: 2F 1-2: Ball 2-2: Grounds into double play, 5-4-3 (Groundball, 56)
|
Bottom of the 5th over - 0 run(s), 2 hit(s), 0 error(s), 1 left on base; Detroit 3 - Scottsdale 3 |
TOP OF THE 6TH |
Detroit Dirty Snow batting - Pitching for Scottsdale Scorpions : LHP Martin Balsano
|
Batting: RHB Júlio Sánchez
|
0-0: Fly out, F8 (Line Drive, 8LM)
|
Batting: RHB José Velásquez
|
0-0: Called Strike 0-1: TRIPLE (Flyball, 78XD)
|
Batting: RHB Charlie O'Farrell
|
0-0: Ball 1-0: Fly out, F9 (Flyball, 9S) Runner from 3rd tags up, SCORES, throw made
|
Batting: SHB Theron Harper
|
0-0: Ball 1-0: Ground out 4-3 (Groundball, 4M)
|
Top of the 6th over - 1 run(s), 1 hit(s), 0 error(s), 0 left on base; Detroit 4 - Scottsdale 3 |
BOTTOM OF THE 6TH |
Scottsdale Scorpions batting - Pitching for Detroit Dirty Snow : RHP Leonard Christensen
|
Batting: RHB Gary Thomas
|
0-0: Called Strike 0-1: Ball 1-1: Foul Ball, location: 2F 1-2: Fly out, F9 (Line Drive, 9D)
|
Pitching: RHP Paul McFadden
|
|
Batting: RHB David Suarze
|
0-0: Ball 1-0: Called Strike 1-1: Foul Ball, location: 2F 1-2: Foul Ball, location: 2F 1-2: Ball 2-2: Strikes out swinging
|
Batting: SHB William Daly
|
0-0: Ground out 5-3 (Groundball, 56)
|
Bottom of the 6th over - 0 run(s), 0 hit(s), 0 error(s), 0 left on base; Detroit 4 - Scottsdale 3 |
TOP OF THE 7TH |
Detroit Dirty Snow batting - Pitching for Scottsdale Scorpions : LHP Martin Balsano
|
Pitching: RHP Billy O'Neal
|
|
Batting: RHB Cristo Souza
|
0-0: Fly out, F1 (Popup, 13)
|
Batting: LHB Eric Powell
|
0-0: Called Strike 0-1: Ball 1-1: Foul Ball, location: 2F 1-2: Ball 2-2: Strikes out swinging
|
Batting: RHB Brian Maundrell
|
0-0: Called Strike 0-1: Ball 1-1: Fly out, F3 (Popup, 23)
|
Top of the 7th over - 0 run(s), 0 hit(s), 0 error(s), 0 left on base; Detroit 4 - Scottsdale 3 |
BOTTOM OF THE 7TH |
Scottsdale Scorpions batting - Pitching for Detroit Dirty Snow : RHP Paul McFadden
|
Batting: SHB Carlos Reyes
|
0-0: Ball 1-0: Called Strike 1-1: Ball 2-1: Ball 3-1: Base on Balls
|
Pinch Hitting: RHB Jared Thompson
|
0-0: Sac Bunt - play at first, batter OUT! 1-4 Carlos Reyes to second
|
Pinch Hitting: SHB Brian Moyer
|
0-0: Ball 1-0: Called Strike 1-1: Ball 2-1: Ball 3-1: SINGLE (Groundball, 34D) Carlos Reyes to third Runner from 3rd tries for Home, SAFE, throw made home
|
Pinch Hitting: RHB Geomar Dalsoglio
|
0-0: Ball 1-0: Fielders Choice at 2nd, 1-6 (Groundball, 13S)
|
Batting: RHB Javier Rentería
|
0-0: Called Strike 0-1: Ball 1-1: Ball 2-1: DOUBLE (Groundball, 5L) Geomar Dalsoglio to third Runner from 3rd tries for Home, throw and OUT!
|
Bottom of the 7th over - 1 run(s), 2 hit(s), 0 error(s), 1 left on base; Detroit 4 - Scottsdale 4 |
TOP OF THE 8TH |
Detroit Dirty Snow batting - Pitching for Scottsdale Scorpions : RHP Billy O'Neal
|
Now at 2B: Jared Thompson
|
|
Now at 3B: Brian Moyer
|
|
Now in RF: Mal Jiménez
|
|
Batting: RHB Don Hooper
|
0-0: Ball 1-0: Called Strike 1-1: Ground out 6-3 (Groundball, 6)
|
Batting: SHB Alan Garland
|
0-0: Called Strike 0-1: Foul Ball, location: 2F 0-2: Ball 1-2: Ground out 6-3 (Groundball, 6)
|
Batting: RHB Júlio Sánchez
|
0-0: Ball 1-0: Ball 2-0: Ball 3-0: Base on Balls
|
Batting: RHB José Velásquez
|
0-0: Foul Ball, location: 2F 0-1: Foul Ball, location: 2F 0-2: Foul Ball, location: 2F 0-2: Foul Ball, location: 2F 0-2: Foul Ball, location: 2F 0-2: Ball 1-2: Strikes out swinging
|
Top of the 8th over - 0 run(s), 0 hit(s), 0 error(s), 1 left on base; Detroit 4 - Scottsdale 4 |
BOTTOM OF THE 8TH |
Scottsdale Scorpions batting - Pitching for Detroit Dirty Snow : RHP Paul McFadden
|
Batting: LHB Claudio Rodríguez
|
0-0: Ball 1-0: Foul Ball, location: 2F 1-1: Ball 2-1: DOUBLE (Line Drive, 78M)
|
Batting: RHB Gary Thomas
|
0-0: Intentional Walk
|
Batting: RHB David Suarze
|
0-0: Ball 1-0: Swinging Strike 1-1: Ball 2-1: Foul Ball, location: 2F 2-2: Ball 3-2: Foul Ball, location: 2F 3-2: Base on Balls Claudio Rodríguez to third Gary Thomas to second
|
Batting: SHB William Daly
|
0-0: Foul Ball, location: 2F 0-1: Ball 1-1: Hit by Pitch Claudio Rodríguez scores Gary Thomas to third David Suarze to second
|
Batting: SHB Carlos Reyes
|
0-0: Grounds into fielders choice 3-2 (Groundball, 3) David Suarze to third William Daly to second
|
Pitching: RHP Dave Funk
|
|
Batting: RHB Jared Thompson
|
0-0: Ball 1-0: Foul Ball, location: 2F 1-1: Called Strike 1-2: Ball 2-2: Foul Ball, location: 2F 2-2: Grounds into double play, 1-2-3 (Groundball, 23)
|
Bottom of the 8th over - 1 run(s), 1 hit(s), 0 error(s), 2 left on base; Detroit 4 - Scottsdale 5 |
TOP OF THE 9TH |
Detroit Dirty Snow batting - Pitching for Scottsdale Scorpions : RHP Billy O'Neal
|
Pitching: RHP Frank Martin
|
|
Now at C: Cristián Román
|
|
Now at SS: Ricardo Gutiérrez
|
|
Batting: RHB Charlie O'Farrell
|
0-0: Called Strike 0-1: Ball 1-1: Ground out 5-3 (Groundball, 5S)
|
Batting: SHB Theron Harper
|
0-0: Ball 1-0: SINGLE (Flyball, 78M)
|
Pinch Hitting: SHB Tim Reid
|
0-0: Foul Ball, location: 2F 0-1: Ball 1-1: Foul Ball, location: 2F 1-2: Ball 2-2: Strikes out swinging
|
Batting: LHB Eric Powell
|
0-0: Ball 1-0: Foul Ball, location: 2F 1-1: Foul Ball, location: 2F 1-2: Ball 2-2: Ball 3-2: Base on Balls Theron Harper to second
|
Pinch Hitting: LHB Victor Reese
|
0-0: Ball 1-0: Ball 2-0: Ball 3-0: Base on Balls Theron Harper to third Eric Powell to second
|
Batting: RHB Don Hooper
|
0-0: Swinging Strike 0-1: Swinging Strike 0-2: Ball 1-2: Strikes out looking
|
Top of the 9th over - 0 run(s), 1 hit(s), 0 error(s), 3 left on base; Detroit 4 - Scottsdale 5 |
|